AoeStats
← Hatchtag

Arena

507859847Analyzed
1v1 RM · 13d ago on Sep 20, 2026· 36m 33s· 2 players
Game mode
Random Map
Map size
Tiny (2 player)
Population
200
Speed
Normal
Resources
Standard
Victory
Conquest
Starting age
Dark Age
Ending age
Imperial Age
RankedLock teamsTeams togetherTeam positionsShared explorationLock speedFull tech treeHidden civsTurbo modeCheats
Victory
Defeat
🇦🇷 Bohemians · Argentina
1004
+15
🇺🇸 Tupi · United States
979
-15
Hatchtag
9:03 Loom
10:52 Feudal Age
14:44 Castle Age
12:58 Stone Mining
14:34 Double-Bit Axe
19:59 Fletching
20:22 Loom
21:40 Bodkin Arrow
22:26 Padded Archer Armor
23:49 Ballistics
29:08 Town Watch
29:33 Gold Mining
30:30 Sanctity
30:21 Redemption
31:20 Bow Saw
33:46 Wheelbarrow
34:29 Forging
synclocox
7:51 Loom
9:46 Feudal Age
15:53 Castle Age
28:37 Wheelbarrow
31:24 Hand Cart
31:03 Town Watch
32:10 Light Cavalry
35:27 Imperial Age
34:01 Scale Barding Armor
34:06 Forging
34:11 Husbandry
34:37 Town Patrol
35:42 Chain Barding Armor
Connection lost

Rejoining the realm…

Still unreachable

The connection could not be restored.

Session expired

The server has moved on; the page needs a fresh start.